 Dungeon Crawl Stone Soup version 0.25.1-2-g60ff931df9 (webtiles) character file.

Game seed: 1033595785335641917

131 Curus the Distorting Hill Orc (level 5, -4/45 HPs)
             Began as a Hill Orc Abyssal Knight on Aug 3, 2020.
             Was a Believer of Lugonu.
             Slain by Crazy Yiuf
             ... wielding a +2 quarterstaff of chaos
              (18 damage)
             ... on level 3 of the Dungeon.
             The game lasted 00:11:14 (3021 turns).

Curus the Distorting Hill Orc (HOAK)                Turns: 3021, Time: 00:11:14

Health: -4/45      AC: 14    Str: 15    XL:     5   Next: 14%
Magic:  8/8        EV:  4    Int: 12    God:    Lugonu [**....]
Gold:   217        SH:  0    Dex: 11    Spells: 4/4 levels left

rFire    . . .     SeeInvis .   a - +1 mace
rCold    . . .     Gourm    .   (no shield)
rNeg     . . .     Faith    .   j - +0 plate armour
rPois    .         Spirit   .   (no helmet)
rElec    .         Reflect  .   (no cloak)
rCorr    .         Harm     .   i - +0 pair of gloves
MR       .....                  f - +1 pair of boots
Stlth    ..........             (no amulet)
HPRegen  0.55/turn              k - ring of wizardry (curse)
MPRegen  0.11/turn              (no ring)

@: lethally poisoned (-4 -> -4), hasted, lightly drained, very quick
A: blink, regeneration 1
a: Blink, Depart the Abyss, Bend Space, Renounce Religion


You were on level 3 of the Dungeon.
You worshipped Lugonu.
Lugonu was pleased with you.
You were not hungry.

You visited 1 branch of the dungeon, and saw 3 of its levels.
You visited the Abyss 1 time.

You collected 217 gold pieces.

Inventory:

Hand Weapons
 a - a +1 mace (weapon)
Armour
 b - a +0 leather armour
 f - a +1 pair of boots (worn)
 h - a +0 chain mail
 i - a +0 pair of gloves (worn)
 j - a +0 plate armour (worn)
Jewellery
 k - a cursed ring of wizardry (left hand)
 m - an uncursed ring of fire
Scrolls
 d - a scroll of remove curse
 e - 3 scrolls of teleportation
 l - 2 scrolls of identify
Comestibles
 c - 6 rations


   Skills:
 - Level 3.6(3.4) Fighting
 + Level 4.3(4.0) Maces & Flails
 - Level 2.1(1.9) Armour
 - Level 0.7(0.5) Dodging
 + Level 5.0(4.8) Invocations


You had 4 spell levels left.
You didn't know any spells.
Your spell library was empty.

Dungeon Overview and Level Annotations

Branches:
Dungeon (3/15)

Altars:
Ashenzari
Cheibriados
Dithmenos
Elyvilon
Fedhas
Hepliaklqana
Nemelex Xobeh
Okawaru
Ru
Uskayaw

Annotations:
D:3 Crazy Yiuf


Innate Abilities, Weirdness & Mutations

You can translocate small distances at will.
Your natural rate of healing is unusually fast.


Message History

Crazy Yiuf hits you but does no damage.
You feel drained.
You closely miss Crazy Yiuf.
Crazy Yiuf is moderately wounded.
Crazy Yiuf hits you with a +2 quarterstaff of chaos!
Crazy Yiuf freezes you.
You feel yourself speed up.
You feel sick.
Crazy Yiuf says, "Crazy?
Crazy!?
PORCUPINE!"
Crazy Yiuf hits you with a +2 quarterstaff of chaos.
You completely miss Crazy Yiuf.
Crazy Yiuf is moderately wounded.
Crazy Yiuf says, "Nubble aubergine chair!"
Crazy Yiuf completely misses you.
Your plate armour prevents you from hitting Crazy Yiuf.
Crazy Yiuf is moderately wounded.
You hit Crazy Yiuf.
Crazy Yiuf is heavily wounded.
You feel sick.
Crazy Yiuf hits you with a +2 quarterstaff of chaos.
You are electrocuted!!
You die...

........# ####....# #
#.##.#
#.##.##############
#.##..............#
####.###############.#
#.....# #.# #.....#
############.# ......#
#......g@....# #.....#
#.############ #.....#
#.# .!...## #.# ###.##
#.###### # #.#
#......# # #.###
######.# ###...# ##.#
......# #..#


You could see Crazy Yiuf.

Vanquished Creatures
  Jessica (D:2)
  3 adders
  An ooze (D:3)
  2 worms (D:2)
  2 dart slugs
  2 leopard geckos (D:2)
  An orc (D:3)
  11 bats
  2 giant cockroaches
  12 goblins
  8 hobgoblins
  A quokka (D:3)
  2 frilled lizards
  2 kobolds
  8 rats
58 creatures vanquished.

Notes
Turn   | Place    | Note
-------+----------+-------------------------------------------
     0 | Abyss:1  | Curus the Hill Orc Abyssal Knight began the quest for the
                  | Orb.
     0 | Abyss:1  | Reached XP level 1. HP: 19/19 MP: 2/2
    31 | Abyss:1  | Noticed a large abomination
    32 | D:1      | Escaped the Abyss
   172 | D:1      | Reached XP level 2. HP: 25/26 MP: 4/4
   201 | D:1      | Reached skill level 3 in Invocations
   611 | D:1      | Reached * piety under Lugonu
  1018 | D:2      | Reached XP level 3. HP: 30/31 MP: 5/5
  1047 | D:2      | Found a snail-covered altar of Cheibriados.
  1477 | D:2      | Noticed Jessica
  1508 | D:2      | Reached skill level 4 in Invocations
  1530 | D:2      | Killed Jessica
  1530 | D:2      | Reached XP level 4. HP: 12/39 MP: 7/7
  1768 | D:2      | Found a hide-covered altar of Uskayaw.
  2283 | D:3      | Gained mutation: Your natural rate of healing is unusually
                  | fast. [potion of mutation]
  2283 | D:3      | Gained mutation: You can translocate small distances at
                  | will. [potion of mutation]
  2367 | D:3      | Found a runed translucent door.
  2368 | D:3      | Noticed Crazy Yiuf
  2449 | D:3      | Reached XP level 5. HP: 45/45 MP: 8/8
  2572 | D:3      | Reached skill level 5 in Invocations
  2608 | D:3      | Found a sacrificial altar of Ru.
  2612 | D:3      | Found a blossoming altar of Fedhas.
  2616 | D:3      | Found a snail-covered altar of Cheibriados.
  2617 | D:3      | Found an iron altar of Okawaru.
  2618 | D:3      | Found a shattered altar of Ashenzari.
  2618 | D:3      | Found a sparkling altar of Nemelex Xobeh.
  2618 | D:3      | Found a white marble altar of Elyvilon.
  2621 | D:3      | Found a shadowy altar of Dithmenos.
  2622 | D:3      | Found a hazy altar of Hepliaklqana.
  2752 | D:3      | Reached ** piety under Lugonu
  2899 | D:3      | Paralysed by Crazy Yiuf for 2 turns
  3021 | D:3      | Slain by Crazy Yiuf

Illustrated notes

Levels and vault maps discovered:
D:1:      zaba_arrival_water, layout_loops_corners, serial_glass,
          glass_columns_b, glass_columns_a, glass_columns_b, glass_columns_a,
          glass_columns_a, glass_columns_b, minivault_11, grunt_decor_arrowhead,
          minmay_misc_feat_tiny
D:2:      layout_basic, old_standard_altar, first_ration, cheibriados_altar_1,
          uniq_jessica
D:3:      kennysheep_the_goblin_king, layout_loops_ring, minitemple,
          uniq_crazy_yiuf_cottage

Skill      XL: |  1  2  3  4  5 |
---------------+----------------+-----
Invocations    | 3 4 5 |  5.0
Maces & Flails | 3 4 |  4.3
Fighting       | |  3.6
Armour         | |  2.1
Dodging        | |  0.7

Action                   |  1- 3 |  4- 6 || total
-------------------------+-------+-------++-------
Melee: Mace              |   127 |   112 ||   239
Invok: Depart the Abyss  |     1 |       ||     1
  Use: Potion            |     7 |     3 ||    10
       Scroll            |     6 |     3 ||     9
  Eat: Chunk             |     2 |     5 ||     7
Armor: Leather armour    |    21 |       ||    21
       Chain mail        |    17 |       ||    17
       Plate armour      |    58 |    88 ||   146
Dodge: Dodged            |    59 |    25 ||    84
